 Dungeon Crawl Stone Soup version 0.21.1-1-g345015f (webtiles) character file.

199964 Monsterracer the Unseen (level 18, -6/131 HPs)
             Began as an Octopode Monk on Feb 12, 2018.
             Was the Champion of Dithmenos.
             Mangled by a tentacled monstrosity (9 damage)
             ... on level 2 of the Vaults.
             The game lasted 01:35:57 (35215 turns).

Monsterracer the Unseen (Octopode Monk)            Turns: 35215, Time: 01:35:57

Health: -6/131     AC:  9    Str: 11    XL:     18   Next: 49%
Magic:  35/36      EV: 26    Int: 19    God:    Dithmenos [******]
Gold:   1279       SH: 13    Dex: 19    Spells: 1/17 levels left

rFire    + + +     SeeInvis +   a - +9 rapier (venom)
rCold    . . .     Gourm    .   i - +1 shield
rNeg     + . .     Faith    .   D - +2 hat {MR+}
rPois    +         Spirit   .   e - amulet of regeneration
rElec    +         Reflect  .   n - ring of see invisible
rCorr    .         Harm     .   p - +4 ring of evasion
MR       ++++.                  E - ring of protection from magic {!d}
Stlth    ++++++++++             J - ring of Democracy {+Fly rElec rF++ MR+ MP+9}
HPRegen  0.71/turn              L - +2 ring of evasion
MPRegen  0.25/turn              O - ring of poison resistance {!d}
                                T - +4 ring of intelligence
                                r - ring of Xuajyp {rF+ rN+}

@: icy armour, wreathed by umbra, constricted, slow
A: almost no armour, stealthy swim, amphibious, 8 rings, constrict 8, camouflage
1, gelatinous body 1
}: 1/15 runes: barnacled
a: Shadow Step, Shadow Form, Renounce Religion, Evoke Flight


You were on level 2 of the Vaults.
You worshipped Dithmenos.
Dithmenos was exalted by your worship.
You were hungry.

You visited 7 branches of the dungeon, and saw 31 of its levels.

You collected 2819 gold pieces.
You spent 1540 gold pieces at shops.

Inventory:

Hand Weapons
 a - a +9 rapier of venom (weapon)
Missiles
 m - 10 throwing nets (quivered)
Armour
 i - a +1 shield (worn)
 D - a +2 hat of magic resistance (worn)
Jewellery
 e - an amulet of regeneration (around mantle)
 n - a ring of see invisible (left tentacle)
 p - a +4 ring of evasion (right tentacle)
 r - the ring of Xuajyp (on tentacle) {rF+ rN+}
   (You acquired it on level 2 of the Lair of Beasts)

   [ring of protection from fire]

   It protects you from fire.
   It protects you from negative energy.
 E - a ring of protection from magic (on tentacle) {!d}
 J - the ring of Democracy (on tentacle) {+Fly rElec rF++ MR+ MP+9}
   (You bought it in a shop on level 2 of the Orcish Mines)

   [ring of magical power]

   It greatly protects you from fire.
   It insulates you from electricity.
   It affects your resistance to hostile enchantments.
   It affects your magic capacity (+9).
   It lets you fly.
 L - a +2 ring of evasion (on tentacle)
 M - an uncursed ring of ice
 O - a ring of poison resistance (on tentacle) {!d}
 P - an uncursed ring of positive energy {!d}
 T - a +4 ring of intelligence (on tentacle)
Wands
 s - a wand of paralysis (29)
 y - a wand of iceblast (10)
 A - a wand of acid (7)
 C - a wand of polymorph (22)
 G - a wand of enslavement (50)
 I - a wand of disintegration (7)
 Y - a wand of scattershot (5)
Scrolls
 d - 12 scrolls of remove curse
 h - 17 scrolls of teleportation
 j - a scroll of summoning {!r}
 k - 13 scrolls of identify
 u - 4 scrolls of magic mapping {!r}
 v - 3 scrolls of enchant armour
 w - 5 scrolls of amnesia
 x - a scroll of blinking
 H - 2 scrolls of vulnerability
 N - 2 scrolls of enchant weapon
 R - 2 scrolls of fog
 V - 2 scrolls of fear {!r}
Potions
 b - 3 potions of brilliance
 f - 14 potions of curing
 g - 6 potions of flight
 l - 6 potions of mutation {!q}
 o - 12 potions of heal wounds
 q - 3 potions of berserk rage {!q}
 t - 6 potions of agility
 z - 3 potions of might
 B - 2 potions of ambrosia {!q}
 F - 4 potions of cancellation
 K - 2 potions of resistance
 Q - 2 potions of lignification
 U - a potion of magic
Books
 W - a book of the Dragon

   Spells                             Type                      Level
   a - Flame Tongue                   Conjuration/Fire             1
   b - Cause Fear                     Hexes                        4
   c - Bolt of Fire                   Conjuration/Fire             6
   d - Dragon Form                    Transmutation                7
   e - Dragon's Call                  Summoning                    9
Miscellaneous
 S - a box of beasts
 Z - a phantom mirror
Comestibles
 c - 41 rations


   Skills:
 * Level 14.0 Fighting
 - Level 14.0 Short Blades
 + Level 12.3 Dodging
 + Level 16.4 Stealth
 + Level 11.8 Shields
 * Level 9.7 Charms
 + Level 12.5 Invocations
 - Level 10.0 Evocations


You had one spell level left.
You knew the following spells:

 Your Spells              Type           Power        Failure   Level  Hunger
a - Swiftness             Chrm/Air       ###.....     6%          2    ###....
b - Sticks to Snakes      Tmut           #.......     41%         2    ###....
c - Ozocubu's Armour      Chrm/Ice       ###.....     12%         3    ####...
d - Borgnjor's Vile Clut  Necr/Erth      #.........   100%        5    ######.
j - Regeneration          Chrm/Necr      ###.......   12%         3    ####...
z - Apportation           Tloc           #.....       30%         1    ##.....


Dungeon Overview and Level Annotations

Branches:
Dungeon (15/15)            Temple (1/1) D:4            Lair (6/6) D:10
 Shoals (4/4) Lair:2       Spider (1/4) Lair:3        Slime (0/5) Lair:5
    Orc (2/2) D:9             Elf (0/3) Orc:2        Vaults (2/5) D:14
 Depths (0/5) D:15
  Crypt: Vaults:2-3

Altars:
Ashenzari
Cheibriados
Dithmenos
Elyvilon
Fedhas
Gozag
Hepliaklqana
Kikubaaqudgha
Makhleb
Nemelex Xobeh
Okawaru
Qazlal
Ru
Sif Muna
Trog
Uskayaw
Vehumet
Wu Jian
Xom
Yredelemnul
Zin
The Shining One
Jiyva

Shops:
D:6 [   D:10 ?   D:12 !   D:15 ?}   Orc:1 [   Orc:2 *=[%

Annotations:
D:15 4 runed doors
Orc:1 xccam's ghost, journeyman DsAK
Orc:2 exclusion: upstairs


Innate Abilities, Weirdness & Mutations

You cannot wear most types of armour.
You are very stealthy in the water. (Stealth+)
You are amphibious.
You can wear up to eight rings at the same time.
You can use your tentacles to constrict eight enemies at once.
Your skin changes colour to match your surroundings (Stealth+).
Your rubbery body absorbs attacks. (AC +1, EV +1)


Message History

The tentacled monstrosity is lightly wounded.
The tentacled monstrosity tentacle-slaps you!
The tentacled monstrosity closely misses you.
The tentacled monstrosity barely misses you. x2
You take 7 damage, and have 124/131 hp.
You hit the tentacled monstrosity.
The tentacled monstrosity is poisoned.
You squeeze the tentacled monstrosity.
The tentacled monstrosity is moderately wounded.
You puncture the tentacled monstrosity! You squeeze the tentacled monstrosity.
The tentacled monstrosity is moderately wounded.
Your shadow hits the tentacled monstrosity with a rapier.
The tentacled monstrosity tentacle-slaps you!
You emit a cloud of dark smoke.
The tentacled monstrosity tentacle-slaps you.
The tentacled monstrosity tentacle-slaps you!
The tentacled monstrosity completely misses you.
You take 24 damage, and have 101/131 hp.
You hit the tentacled monstrosity.
The tentacled monstrosity is moderately wounded.
Your shadow hits the tentacled monstrosity with a rapier.
You puncture the tentacled monstrosity!
The tentacled monstrosity is heavily wounded.
Your shadow hits the tentacled monstrosity but does no damage.
The tentacled monstrosity tentacle-slaps you!
You block the tentacled monstrosity's attack.
The tentacled monstrosity tentacle-slaps you!
You block the tentacled monstrosity's attack.
You take 18 damage, and have 84/131 hp.
You are too injured to fight recklessly!
You are too injured to fight recklessly!
You puncture the tentacled monstrosity!
You squeeze the tentacled monstrosity, but do no damage.
The tentacled monstrosity is heavily wounded.
Your shadow hits the tentacled monstrosity but does no damage.
You hit the tentacled monstrosity but do no damage.
The tentacled monstrosity is heavily wounded.
The tentacled monstrosity tentacle-slaps you!
The tentacled monstrosity misses you.
The tentacled monstrosity completely misses you.
The tentacled monstrosity grabs you.
* * * LOW HITPOINT WARNING * * *
The tentacled monstrosity constricts you!
You take 22 damage, and have 63/131 hp.
You hit the tentacled monstrosity but do no damage.
You squeeze the tentacled monstrosity.
The tentacled monstrosity is severely wounded.
You impale the tentacled monstrosity!!
The tentacled monstrosity is severely wounded.
Your shadow hits the tentacled monstrosity but does no damage.
You block the tentacled monstrosity's attack.
The tentacled monstrosity tentacle-slaps you!
* * * LOW HITPOINT WARNING * * *
You block the tentacled monstrosity's attack.
* * * LOW HITPOINT WARNING * * *
The tentacled monstrosity constricts you.
You take 15 damage, and have 49/131 hp.
You puncture the tentacled monstrosity!
The tentacled monstrosity is almost dead.
You hit the tentacled monstrosity.
You squeeze the tentacled monstrosity, but do no damage.
The tentacled monstrosity is almost dead.
Your shadow hits the tentacled monstrosity but does no damage.
The tentacled monstrosity tentacle-slaps you!
* * * LOW HITPOINT WARNING * * *
You block the tentacled monstrosity's attack.
The tentacled monstrosity completely misses you.
* * * LOW HITPOINT WARNING * * *
The tentacled monstrosity constricts you!
You take 19 damage, and have 31/131 hp.
The tentacled monstrosity's grasp on you weakens, but your attempt to escape fails.
The tentacled monstrosity tentacle-slaps you.
* * * LOW HITPOINT WARNING * * *
The tentacled monstrosity tentacle-slaps you.
* * * LOW HITPOINT WARNING * * *
The tentacled monstrosity tentacle-slaps you.
* * * LOW HITPOINT WARNING * * *
* * * LOW HITPOINT WARNING * * *
The tentacled monstrosity constricts you.
You take 16 damage, and have 15/131 hp.
You escape the tentacled monstrosity's grasp.
Your skin is crawling a little less now.
You regained 2 hp, and now have 17/131 hp.
You regained 2 hp, and now have 19/131 hp.
You regained 2 hp, and now have 21/131 hp.
You regained 2 hp, and now have 23/131 hp.
You regained 2 hp, and now have 25/131 hp.
Your skin stops crawling.
The tentacled monstrosity completely misses you.
You block the tentacled monstrosity's attack. x2
The tentacled monstrosity grabs you.
* * * LOW HITPOINT WARNING * * *
The tentacled monstrosity constricts you!
You take 9 damage, and have 16/131 hp.
The tentacled monstrosity's grasp on you weakens, but your attempt to escape fails.
The tentacled monstrosity misses you.
The tentacled monstrosity tentacle-slaps you!
* * * LOW HITPOINT WARNING * * *
The tentacled monstrosity tentacle-slaps you.
* * * LOW HITPOINT WARNING * * *
You die...

##§§§§## ##.§##
#§§# ##.§##
##..§.## ##......##
#)......)#
##...X..## ##..@.##
##.)## #.)#
#########)#########
...........#......#
.8.#####.8.#......#
#...#......#
###.#......#
#)#......#


You could see a tentacled monstrosity.

Vanquished Creatures
  Jorgrun (Vaults:1)
  A sphinx (Vaults:1)
  A nagaraja (Vaults:2)
  Ilsuiw (Shoals:3)
  5 vault wardens
  A ghoul (Vaults:2)
  4 ironheart preservers
  A vampire knight (Vaults:2)
  A stone giant (Orc:1)
  Nessos (D:15)
  A deep elf demonologist (Vaults:2)
  8 merfolk javelineers
  A deep elf death mage (Vaults:2)
  Snorg (Lair:6)
  7 merfolk impalers
  A yaktaur captain (Vaults:1)
  Josephine (D:12)
  A fire dragon (Vaults:1)
  A great orb of eyes (Vaults:2)
  Fannar (D:11)
  The ghost of Autsider the Basher, a journeyman GrBe of Trog (D:13)
  A rakshasa (Vaults:1)
  Harold (Lair:4)
  16 vault guards
  Erolcha (Orc:1)
  8 hydras
  An alligator snapping turtle (Shoals:4)
  3 merfolk avatars
  Erica (D:11)
  4 centaur warriors
  The ghost of Autsider the Geomancer, a journeyman GrEE of Vehumet (D:9)
  A catoblepas (Lair:4)
  The ghost of Frank the Carver, a journeyman OpFi of Qazlal (Orc:1)
  7 merfolk aquamancers
  13 two-headed ogres
  2 satyrs
  A death knight (Vaults:2)
  3 death yaks
  A deep troll shaman (Vaults:2)
  2 tengu warriors
  2 ogre magi
  The ghost of anp the Grappler, a novice TrMo of Cheibriados (D:8)
  2 orc high priests (Orc:2)
  A deep elf knight (Vaults:2)
  13 skeletal warriors
  10 sea snakes
  5 unseen horrors
  5 wizards
  6 deep trolls
  4 ironbrand convokers
  2 deep elf archers (D:14)
  5 harpies
  2 necromancers
  2 orc knights
  3 deep elf magi
  10 ugly things
  17 fauns
  3 wolf spiders (Vaults:1)
  10 manticores
  3 orc sorcerers
  A moth of wrath (shapeshifter) (D:15)
  4 vault sentinels
  4 merfolk sirens
  8 cyclopes
  3 elephants (Lair:6)
  6 spiny frogs
  5 water nymphs
  3 centaur zombies
  6 black mambas
  A naga mage (D:15)
  2 gargoyles
  A yaktaur zombie (Vaults:1)
  A rime drake (Lair:6)
  2 freezing wraiths
  15 yaktaurs
  5 komodo dragons
  A demonic crawler (Lair:3)
  An efreet (D:15)
  A human zombie (Vaults:1)
  2 tengu conjurers (D:14)
  14 trolls
  5 hornets (Lair:6)
  7 polar bears
  26 merfolk
  6 hippogriffs
  2 wind drakes (Shoals:4)
  9 blink frogs (Lair:4)
  12 slime creatures
  A stone giant simulacrum (Vaults:1)
  5 snapping turtles
  4 dream sheep
  A vampire (D:10)
  12 spriggans (Lair:6)
  3 wraiths (D:12)
  6 water elementals
  A human (D:13)
  A wyvern (D:8)
  38 yaks
  2 hogs (D:13)
  The ghost of buskinjo the Ruffian, an amateur DrTm of Sif Muna (D:4)
  4 basilisks
  2 vampire mosquitoes (D:14)
  4 wargs
  10 water moccasins
  An acid dragon (D:15)
  An elf skeleton (Vaults:1)
  A soldier ant (D:12)
  2 ice beasts
  7 porcupines
  21 orc warriors
  An eye of draining (D:11)
  6 black bears
  3 phantoms
  A necrophage (D:12)
  20 wolves
  3 boggarts (Lair:6)
  31 ogres
  10 centaurs
  9 crocodiles
  A big kobold (D:10)
  2 wyvern zombies
  20 bullfrogs
  2 wyvern skeletons
  3 scorpions
  10 killer bees
  5 wights (D:11)
  4 howler monkeys
  6 crimson imps
  A bullfrog zombie (D:7)
  A quasit (D:8)
  A yaktaur simulacrum (Vaults:1)
  4 hounds
  11 orc priests
  6 jellies
  14 orc wizards
  3 centaur skeletons
  4 iguanas
  11 worker ants
  A hound skeleton (D:7)
  A howler monkey zombie (D:5)
  A worker ant zombie (D:11)
  15 adders
  3 gnolls (D:4)
  6 shadow imps
  An ooze (D:4)
  An adder zombie (D:9)
  3 adder skeletons (D:4)
  3 worms
  3 dart slugs
  7 leopard geckos
  83 orcs
  A ball python (D:1)
  10 bats
  8 giant cockroaches
  10 goblins
  10 hobgoblins
  9 jackals (D:6)
  8 kobolds
  5 quokkas
  2 frilled lizards
  A quokka zombie (D:8)
  4 rats
  4 toadstools (D:1)
889 creatures vanquished.

Vanquished Creatures (collateral kills)
  The ghost of komo4ek the Grappler, a journeyman CeAr of Okawaru (Shoals:1)
  An ogre mage (Vaults:1)
  3 yaktaurs (Vaults:1)
  A plant (Shoals:1)
6 creatures vanquished.

Vanquished Creatures (others)
  A merfolk aquamancer (Shoals:4)
  An unseen horror (D:15)
  A sky beast (D:15)
  An orc (Orc:1)
  A bush (Lair:6)
  10 fungi
  16 plants
31 creatures vanquished.

Grand Total: 926 creatures vanquished

Notes
Turn   | Place    | Note
-------+----------+-------------------------------------------
     0 | D:1      | Monsterracer the Octopode Monk began the quest for the Orb.
     0 | D:1      | Reached XP level 1. HP: 16/16 MP: 1/1
    32 | D:1      | Reached XP level 2. HP: 13/21 MP: 2/2
    37 | D:1      | Reached skill level 3 in Stealth
   202 | D:1      | Reached XP level 3. HP: 20/26 MP: 3/3
   509 | D:1      | HP: 12/26 [poisoned by a kobold]
   514 | D:1      | HP: 7/26 [poisoned by a kobold]
   519 | D:1      | HP: 4/26 [poisoned by a kobold]
   525 | D:1      | HP: 3/26 [poisoned by a kobold]
   531 | D:1      | HP: 2/26 [poisoned by a kobold]
   536 | D:1      | HP: 3/26 [poisoned by a kobold]
   544 | D:1      | HP: 5/26 [poisoned by a kobold]
  1027 | D:2      | Reached XP level 4. HP: 31/31 MP: 4/4
  1198 | D:2      | Found a sacrificial altar of Ru.
  1198 | D:2      | Found a snail-covered altar of Cheibriados.
  1198 | D:2      | Found an iron altar of Okawaru.
  1223 | D:2      | Found a shattered altar of Ashenzari.
  1735 | D:3      | Reached XP level 5. HP: 36/36 MP: 5/5
  1793 | D:3      | Reached skill level 4 in Stealth
  1793 | D:3      | Reached skill level 1 in Shields
  1800 | D:3      | HP: 18/37 [orc/flail (4)]
  2265 | D:3      | HP: 18/37 [orc priest/nerve-wracking pain (1)]
  2267 | D:3      | Reached XP level 6. HP: 19/43 MP: 6/6
  2270 | D:3      | HP: 21/43 [orc (1)]
  2271 | D:3      | HP: 5/43 [orc wizard/magic dart (6)]
  2599 | D:4      | Found a staircase to the Ecumenical Temple.
  2610 | Temple   | Entered the Ecumenical Temple
  2801 | Temple   | Became a worshipper of Dithmenos the Shadowed
  2801 | Temple   | Reached * piety under Dithmenos
  2801 | Temple   | Reached ** piety under Dithmenos
  2912 | D:4      | Noticed buskinjo's ghost (amateur DrTm)
  3314 | D:5      | Entered Level 5 of the Dungeon
  3348 | D:5      | Found a shattered altar of Ashenzari.
  3535 | D:5      | Reached skill level 5 in Short Blades
  3642 | D:5      | Reached XP level 7. HP: 48/48 MP: 7/7
  3660 | D:5      | Reached skill level 1 in Invocations
  3698 | D:5      | Reached skill level 5 in Stealth
  4296 | D:6      | Reached *** piety under Dithmenos
  4301 | D:6      | HP: 20/49 [orc priest/divine providence (16)]
  4306 | D:6      | HP: 9/49 [orc priest/divine providence (12)]
  4655 | D:6      | Reached XP level 8. HP: 54/54 MP: 9/9
  4718 | D:6      | Found Udoidef's Antique Armour Shop.
  4968 | D:6      | HP: 25/54 [ogre/giant spiked club (29)]
  5247 | D:6      | Reached skill level 6 in Stealth
  5542 | D:7      | Reached skill level 5 in Fighting
  5542 | D:7      | Reached skill level 5 in Dodging
  5556 | D:7      | Reached **** piety under Dithmenos
  5601 | D:7      | Reached XP level 9. HP: 33/61 MP: 8/11
  5605 | D:7      | HP: 30/61 [poisoned by a killer bee]
  5610 | D:7      | HP: 28/61 [poisoned by a killer bee]
  5615 | D:7      | HP: 27/61 [poisoned by a killer bee]
  5622 | D:7      | HP: 27/61 [poisoned by a killer bee]
  5630 | D:7      | HP: 26/61 [poisoned by a killer bee]
  6330 | D:8      | Reached skill level 7 in Stealth
  6578 | D:8      | Noticed anp's ghost (novice TrMo)
  6587 | D:8      | HP: 22/61 [anp's ghost (17)]
  7474 | D:9      | Noticed Autsider's ghost (journeyman GrEE)
  7560 | D:9      | Reached skill level 8 in Stealth
  7566 | D:8      | HP: 23/62 [anp's ghost (31)]
  7852 | D:9      | Reached ***** piety under Dithmenos
  7896 | D:9      | Found a staircase to the Orcish Mines.
  7904 | D:9      | Reached XP level 10. HP: 68/68 MP: 13/13
  7946 | D:9      | Reached skill level 5 in Shields
  8064 | D:9      | HP: 12/68 [Autsider's ghost/blast of metal fragments (50)]
  8224 | D:9      | Reached skill level 5 in Invocations
  8429 | D:9      | HP: 30/69 [Autsider's ghost/stone arrow (39)]
  8436 | D:10     | Entered Level 10 of the Dungeon
  8439 | D:10     | HP: 34/69 [orc (1)]
  8520 | D:10     | HP: 30/69 [vampire/vampiric draining (15)]
  8525 | D:10     | HP: 27/69 [vampire (4)]
  8529 | D:10     | HP: 4/69 [vampire/vampiric draining (15)]
  8817 | D:10     | Found Fedam's Magic Scroll Boutique.
  8825 | D:10     | Bought a scroll of enchant weapon for 112 gold pieces
  8825 | D:10     | Bought a scroll of blinking for 112 gold pieces
  8931 | D:10     | Found a staircase to the Lair.
  8932 | D:10     | Noticed an elephant
  9030 | Lair:1   | Entered Level 1 of the Lair of Beasts
  9072 | Lair:1   | Reached skill level 1 in Evocations
  9236 | Lair:1   | Noticed a black mamba
  9241 | Lair:1   | Killed a black mamba
  9241 | Lair:1   | Reached skill level 9 in Stealth
  9847 | Lair:2   | Found a staircase to the Shoals.
  9850 | Lair:2   | Noticed a merfolk siren
  9916 | Lair:2   | Noticed a spiny frog
  9918 | Lair:2   | Reached XP level 11. HP: 74/74 MP: 15/15
 10192 | Lair:2   | Identified a scroll of acquirement
 10501 | Lair:2   | Learned a level 3 spell: Ozocubu's Armour
 10797 | Lair:3   | Found a hole to the Spider Nest.
 10899 | Lair:3   | Reached skill level 10 in Short Blades
 11579 | Lair:4   | Reached skill level 10 in Stealth
 11727 | Lair:4   | Noticed Harold
 11732 | Lair:4   | Killed Harold
 11733 | Lair:4   | Reached XP level 12. HP: 82/82 MP: 12/17
 11864 | Lair:4   | Noticed a catoblepas
 11871 | Lair:4   | Killed a catoblepas
 12035 | Lair:4   | Noticed a seven-headed hydra
 12127 | Lair:4   | Noticed an eight-headed hydra
 12744 | Lair:5   | Reached skill level 5 in Evocations
 12750 | Lair:5   | Noticed a seven-headed hydra
 12826 | Lair:5   | Reached skill level 11 in Stealth
 12963 | Lair:5   | HP: 40/82 [seven-headed hydra (17)]
 12963 | Lair:5   | HP: 14/82 [seven-headed hydra (15)]
 13024 | Lair:5   | Killed a seven-headed hydra
 13233 | Lair:5   | Noticed a six-headed hydra
 13242 | Lair:5   | Killed a six-headed hydra
 13456 | Lair:5   | Found a viscous altar of Jiyva.
 13457 | Lair:5   | Found a staircase to the Slime Pits.
 13633 | Lair:4   | Killed an eight-headed hydra
 13742 | Lair:4   | Killed a seven-headed hydra
 13922 | Lair:6   | Entered Level 6 of the Lair of Beasts
 14004 | Lair:6   | Reached XP level 13. HP: 77/89 MP: 19/19
 14309 | Lair:6   | Noticed Snorg
 14349 | Lair:6   | HP: 45/90 [Snorg (5)]
 14357 | Lair:6   | HP: 42/90 [Snorg (7)]
 14385 | Lair:6   | Killed Snorg
 14404 | Lair:6   | HP: 40/90 [spriggan rider/spear (12)]
 14433 | Lair:6   | HP: 42/90 [wolf (10)]
 14539 | Lair:6   | Reached skill level 12 in Stealth
 14574 | Lair:6   | HP: 45/90 [five-headed hydra (2)]
 14724 | Lair:6   | HP: 41/90 [catoblepas/blast of calcifying dust (8)]
 14732 | Lair:6   | HP: 37/90 [something/blast of calcifying dust (7)]
 14742 | Lair:6   | HP: 37/90 [catoblepas/blast of calcifying dust (7)]
 14751 | Lair:6   | HP: 23/90 [wolf (9)]
 15090 | Lair:6   | HP: 44/90 [yak (8)]
 15746 | Orc:1    | Entered Level 1 of the Orcish Mines
 15832 | Orc:1    | Noticed a stone giant
 15841 | Orc:1    | Noticed Frank's ghost (journeyman OpFi)
 15866 | Orc:1    | Killed a stone giant
 15888 | Orc:1    | Killed Frank's ghost
 15912 | Orc:1    | Noticed Erolcha
 15917 | Orc:1    | HP: 34/90 [ogre/giant spiked club (26)]
 16014 | Orc:1    | Killed Erolcha
 16105 | Orc:1    | Found Emeix's Armour Boutique.
 16294 | Orc:2    | Entered Level 2 of the Orcish Mines
 16311 | Orc:1    | Reached XP level 14. HP: 83/97 MP: 20/20
 16423 | Orc:1    | HP: 47/97 [troll (3)]
 16430 | Orc:1    | HP: 33/97 [troll (11)]
 16768 | Orc:2    | Found Ufewothesoa's General Store.
 16770 | Orc:2    | HP: 33/97 [ogre mage/bolt of lightning (21)]
 16869 | Orc:2    | HP: 48/97 [two-headed ogre/giant club (12)]
 16879 | Orc:1    | HP: 42/97 [deep troll (13)]
 17116 | Orc:2    | Reached skill level 13 in Stealth
 17160 | Orc:2    | Found Vepuaff's Antique Armour Shoppe.
 17161 | Orc:2    | Found Xothucs's Food Shop.
 17171 | Orc:2    | Found Wokhluny's Jewellery Shoppe.
 17179 | Orc:2    | Bought the ring of Democracy {+Fly rElec rF++ MR+ MP+9} for 888 gold pieces
 17180 | Orc:2    | Bought a +2 ring of evasion for 150 gold pieces
 17298 | Orc:2    | Reached ****** piety under Dithmenos
 17383 | Orc:2    | Found a staircase to the Elven Halls.
 17564 | Orc:2    | HP: 49/98 [poisoned by an orange demon]
 17569 | Orc:2    | HP: 49/98 [poisoned by an orange demon]
 17574 | Orc:2    | HP: 48/98 [poisoned by an orange demon]
 17924 | Orc:1    | Noticed xccam's ghost (journeyman DsAK)
 18123 | Orc:1    | HP: 42/98 [xccam's ghost (32)]
 18410 | D:9      | Killed Autsider's ghost
 18960 | D:4      | Killed buskinjo's ghost
 18969 | D:4      | Found a staircase to the Ecumenical Temple.
 19182 | D:8      | HP: 39/98 [anp's ghost (34)]
 19191 | D:8      | Killed anp's ghost
 19890 | D:11     | Noticed Erica
 19898 | D:11     | Killed Erica
 19898 | D:11     | Reached skill level 10 in Fighting
 20100 | D:11     | Noticed Fannar
 20117 | D:11     | Killed Fannar
 20224 | D:11     | Reached skill level 10 in Dodging
 20464 | D:11     | HP: 49/99 [seven-headed hydra (4)]
 21023 | D:12     | Found Joghun's Distillery.
 21083 | D:12     | Bought a potion of heal wounds for 70 gold pieces
 21083 | D:12     | Bought a potion of heal wounds for 70 gold pieces
 21187 | D:12     | Noticed Josephine
 21203 | D:12     | Killed Josephine
 21203 | D:12     | Reached skill level 10 in Invocations
 21203 | D:12     | Reached XP level 15. HP: 99/103 MP: 22/22
 21795 | D:13     | Noticed Autsider's ghost (journeyman GrBe)
 21830 | D:13     | HP: 50/103 [Autsider's ghost (15)]
 21953 | D:13     | Killed Autsider's ghost
 23129 | D:14     | HP: 52/105 [skeletal warrior/short sword[a skeletal warrior] (4)]
 23166 | D:14     | HP: 48/105 [centaur warrior zombie (6)]
 23167 | D:14     | Reached skill level 14 in Stealth
 23641 | D:14     | Learned a level 2 spell: Swiftness
 23684 | D:14     | HP: 50/105 [eight-headed hydra (13)]
 23803 | D:14     | Reached skill level 10 in Shields
 23903 | D:14     | Found a gate to the Vaults.
 23998 | D:15     | Entered Level 15 of the Dungeon
 24016 | D:15     | Found Byesufon's Gadget Emporium.
 24018 | D:15     | Noticed Nessos
 24022 | D:15     | Killed Nessos
 24022 | D:15     | Reached skill level 1 in Charms
 24074 | D:15     | Learned a level 3 spell: Regeneration
 24080 | D:15     | Learned a level 5 spell: Borgnjor's Vile Clutch
 24154 | D:15     | HP: 37/105 [skeletal warrior/glaive[a skeletal warrior] (23)]
 24163 | D:15     | HP: 20/106 [skeletal warrior/glaive[a skeletal warrior] (23)]
 24501 | D:15     | Found Dowo's Magic Scroll Boutique.
 24513 | D:15     | Bought 2 scrolls of fog for 48 gold pieces
 24513 | D:15     | Bought a scroll of enchant weapon for 90 gold pieces
 24540 | D:15     | Found a runed door.
 24551 | D:15     | Found a runed door.
 24569 | D:15     | Found a runed door.
 24580 | D:15     | Found a runed door.
 24823 | D:15     | Found a staircase to the Depths.
 25229 | Spider:1 | Entered Level 1 of the Spider Nest
 25298 | Shoals:1 | Entered Level 1 of the Shoals
 25309 | Shoals:1 | Reached XP level 16. HP: 112/112 MP: 24/24
 25324 | Shoals:1 | Noticed komo4ek's ghost (journeyman CeAr)
 25680 | Shoals:1 | HP: 44/112 [komo4ek's ghost (25)]
 26038 | Shoals:1 | Killed komo4ek's ghost
 26589 | Shoals:1 | HP: 48/113 [merfolk impaler/enchanted trident (13)]
 26590 | Shoals:1 | HP: 23/113 [merfolk impaler/enchanted trident (7)]
 26590 | Shoals:1 | HP: 9/113 [merfolk impaler/enchanted trident (14)]
 26749 | Lair:2   | Got a pitted brass ring
 26750 | Lair:2   | Identified the ring of Xuajyp {rF+ rN+} (You acquired it on level 2 of the Lair of Beasts)
 26801 | Shoals:1 | HP: 53/113 [merfolk/spear (12)]
 26975 | Shoals:2 | Learned a level 2 spell: Sticks to Snakes
 27981 | Shoals:3 | Reached skill level 5 in Charms
 27997 | Shoals:3 | Got a polished buckler
 27998 | Shoals:3 | Identified the +1 buckler of Vanity {rCorr Str+2} (You found it on level 3 of the Shoals)
 28118 | Shoals:3 | Noticed Ilsuiw
 28157 | Shoals:3 | HP: 49/114 [merfolk javelineer/javelin (21)]
 28164 | Shoals:3 | HP: 48/114 [manticore (6)]
 28180 | Shoals:3 | HP: 43/114 [merfolk javelineer/javelin (16)]
 28190 | Shoals:3 | Reached skill level 10 in Evocations
 28395 | Shoals:3 | HP: 48/114 [satyr/arrow (30)]
 28403 | Shoals:3 | HP: 39/114 [faun/spear[a satyr] (12)]
 28462 | Shoals:3 | HP: 54/114 [merfolk javelineer/javelin of penetration (15)]
 28465 | Shoals:4 | Entered Level 4 of the Shoals
 28766 | Shoals:4 | HP: 49/114 [merfolk javelineer/javelin (37)]
 28776 | Shoals:4 | Got a bloodstained battleaxe {chop}
 28777 | Shoals:4 | Identified the +7 battleaxe of Qeschaarr {chop, +Inv Int+7 Dex-3} (You took it off a merfolk javelineer on level 4 of the Shoals)
 28969 | Shoals:4 | Reached skill level 15 in Stealth
 29217 | Shoals:3 | HP: 49/114 [merfolk impaler/trident of protection (22)]
 29314 | Shoals:3 | HP: 39/114 [merfolk impaler/trident of protection (19)]
 29507 | Shoals:3 | Killed Ilsuiw
 29842 | Shoals:3 | HP: 51/114 [merfolk impaler/trident of protection (20)]
 30294 | Shoals:4 | HP: 51/115 [merfolk javelineer/javelin (26)]
 30298 | Shoals:4 | Reached XP level 17. HP: 54/120 MP: 25/25
 30305 | Shoals:4 | HP: 58/120 [drowned soul[a merfolk avatar] (1)]
 30814 | Shoals:4 | HP: 59/121 [harpy (14)]
 31055 | Shoals:4 | HP: 54/121 [merfolk javelineer/javelin (29)]
 31060 | Shoals:4 | HP: 28/121 [poisoned by a merfolk javelineer]
 31065 | Shoals:4 | HP: 28/121 [poisoned by a merfolk javelineer]
 31069 | Shoals:4 | HP: 13/121 [poisoned by a merfolk javelineer]
 31074 | Shoals:4 | HP: 13/121 [poisoned by a merfolk javelineer]
 31080 | Shoals:4 | HP: 14/121 [poisoned by a merfolk javelineer]
 31086 | Shoals:4 | HP: 17/121 [poisoned by a merfolk javelineer]
 31094 | Shoals:4 | HP: 20/121 [poisoned by a merfolk javelineer]
 31291 | Shoals:4 | Got a barnacled rune of Zot
 31881 | Vaults:1 | Entered Level 1 of the Vaults
 32206 | Vaults:1 | HP: 57/121 [vault warden/vampiric long sword (38)]
 32226 | Vaults:1 | HP: 59/121 [yaktaur[a vault warden] (4)]
 32723 | Vaults:1 | Noticed a sphinx
 32738 | Vaults:1 | Killed a sphinx
 32800 | Vaults:1 | Noticed Jorgrun
 32803 | Vaults:1 | Killed Jorgrun
 32880 | Vaults:1 | Learned a level 1 spell: Apportation
 33002 | Vaults:1 | Identified the +0 cloak of Giczezi {rC+ MR+ Dex+3} (You found it on level 1 of the Vaults)
 33584 | Vaults:2 | Noticed a Hell Sentinel
 33584 | Vaults:2 | Noticed an Ice Fiend
 33588 | Vaults:1 | HP: 33/123 [skeletal warrior/war axe[a death knight] (30)]
 33595 | Vaults:1 | Reached skill level 16 in Stealth
 33604 | Vaults:1 | HP: 17/123 [skeletal warrior/war axe[a death knight] (22)]
 33791 | Vaults:2 | Reached XP level 18. HP: 114/129 MP: 27/27
 33917 | Vaults:2 | HP: 64/129 [yaktaur/bolt (15)]
 33925 | Vaults:2 | HP: 46/129 [yaktaur/bolt (21)]
 34334 | Vaults:2 | Got a scorched mace
 34999 | Vaults:2 | HP: 55/130 [vampire knight/war axe (28)]
 35004 | Vaults:2 | HP: 51/130 [vampire knight/vampiric draining (6)]
 35188 | Vaults:2 | Noticed a tentacled monstrosity
 35203 | Vaults:2 | HP: 63/131 [tentacled monstrosity (9)]
 35207 | Vaults:2 | HP: 31/131 [tentacled monstrosity (7)]
 35208 | Vaults:2 | HP: 15/131 [tentacled monstrosity (6)]
 35214 | Vaults:2 | HP: 16/131 [tentacled monstrosity (9)]
 35215 | Vaults:2 | HP: 3/131 [tentacled monstrosity (6)]
 35215 | Vaults:2 | Mangled by a tentacled monstrosity

Skill      XL: |  1  2  3  4  5  6  7  8  9 10 11 12 13 14 15 16 17 18 |
---------------+-------------------------------------------------------+-----
Stealth        | 3 4 5 6 8 9 10 11 12 13 14 15 16 | 16.4
Short Blades   | 4 5 6 8 9 10 11 12 13 14 | 14.0
Shields        | 1 2 3 4 5 6 7 8 9 10 11 | 11.8
Fighting       | 4 5 6 7 8 9 10 11 12 13 14 | 14.0
Dodging        | 4 5 6 7 8 9 10 11 12 | 12.3
Invocations    | 2 3 4 5 7 8 9 10 11 12 | 12.5
Evocations     | 2 4 5 7 8 9 10 | 10.0
Charms         | 3 6 8 9 |  9.7

Action                   |  1- 3 |  4- 6 |  7- 9 | 10-12 | 13-15 | 16-18 || total
-------------------------+-------+-------+-------+-------+-------+-------++-------
Melee: Short sword       |    81 |    17 |       |       |       |       ||    98
       Constrict         |    24 |    22 |    35 |    54 |   111 |   112 ||   358
       Tentacles         |    15 |    16 |    35 |   121 |   375 |   373 ||   935
       Rapier            |       |    75 |   219 |   454 |  1470 |  1215 ||  3433
       Dagger            |       |       |       |     2 |     1 |       ||     3
Throw: Throwing net      |       |       |       |     1 |       |       ||     1
 Cast: Ozocubu's Armour  |       |       |       |       |       |     2 ||     2
       Regeneration      |       |       |       |       |       |     1 ||     1
Invok: Shadow Step       |       |       |     1 |     2 |       |       ||     3
       Shadow Form       |       |       |       |       |     1 |     3 ||     4
 Abil: End Transformatio |       |       |       |       |       |     1 ||     1
Evoke: Wand              |       |       |       |     6 |       |     5 ||    11
       Sack of spiders   |       |       |       |       |       |     2 ||     2
       Box of beasts     |       |       |       |       |       |     1 ||     1
  Use: Scroll            |       |    13 |     4 |    13 |     5 |    12 ||    47
       Potion            |       |       |       |     1 |       |     5 ||     6
 Stab: Sleeping          |     5 |     8 |    49 |    28 |    63 |    72 ||   225
       Distracted        |       |     1 |     1 |     4 |     7 |    10 ||    23
       Paralysed         |       |       |       |     1 |       |     2 ||     3
       Held in net/web   |       |       |       |     1 |       |       ||     1
       Petrified         |       |       |       |       |     5 |       ||     5
       Petrifying        |       |       |       |       |     1 |       ||     1
       Invisible         |       |       |       |       |     2 |     7 ||     9
  Eat: Chunk             |       |     7 |    11 |    16 |    33 |    22 ||    89
       Ration            |       |       |     1 |     1 |     1 |     3 ||     6
Armor: Skin              |     5 |     3 |     2 |     6 |    26 |    22 ||    64
Dodge: Dodged            |    53 |    50 |    93 |   247 |   743 |   599 ||  1785
Block: Buckler           |       |    11 |    16 |       |       |       ||    27
       Shield            |       |       |    31 |   187 |   612 |   447 ||  1277

Vault maps used:
D:1:      ldierk_water_garden, chequers_big_river, minmay_domino_4
D:2:      nicolae_overflow_quartered_altars, first_ration
D:4:      minmay_temple_entry_hall
D:5:      basic_altar
D:6:      serial_shops, shop
D:7:      patterned_corridor
D:9:      erik_orc_3
D:10:     david_lair_generic, serial_shops, shop_scrolls
D:11:     glass_columns_c, uniq_erica, uniq_fannar
D:12:     serial_shops, nicolae_shop_statue_plus, uniq_josephine
D:13:     grunt_livestock
D:14:     grunt_vaults_entry_fortified, minmay_misc_feat_tower
D:15:     grunt_enter_depths_magical_seal, serial_shops,
          nicolae_shop_behind_doors, shop, minivault_23,
          minmay_statue_crystal_thing, uniq_nessos
Temple:   hc_temple_tempest_star
Lair:1:   serial_bayou_shore_b
Lair:2:   elwin_shoals_entry_stream
Lair:3:   spider_nest_entry_web_field
Lair:4:   uniq_harold
Lair:5:   dpeg_slime_entry_enclosed_altar, lemuel_fruit_fields
Lair:6:   minmay_lair_end_enchanted_forest, uniq_snorg
Shoals:3: nicolae_shoals_aquamancer_cove, uniq_ilsuiw
Shoals:4: shoals_end_grunt_ice, shoals_ilsuiw_ice
Spider:1: hive_lemuel
Orc:1:    serial_shops, nicolae_shop_waterfront, uniq_erolcha
Orc:2:    st_orc_open
Vaults:1: nicolae_vaults_network_periphery, v_alt_pattern_4, vaults_room_pool,
          serial_ice_g, ontoclasm_vaults_decontamination, hangedman_vaults_maws,
          v_misc_15, grunt_vaults_funnel, ontoclasm_vaults_twist, uniq_jorgrun
Vaults:2: minmay_crypt_entry_necro_gods, st_greater_box_3,
          nicolae_vaults_specimen_jars, ontoclasm_vaults_hangar,
          vaults_room_door_ring, vaults_room_stairs_pillars,
          ontoclasm_vaults_chip, nicolae_vaults_alarming, vaults_dpeg_hooks,
          grunt_vaults_trifunnel, v_pattern_1, dpeg_vaults_monster_box,
          nicolae_vaults_yaktaur_gun_rack, v_alt_pattern_1,
          ontoclasm_vaults_loading_screen
